 Dungeon Crawl Stone Soup version 0.29-a0-1016-g236c7fd91e (webtiles) character file.

Game seed: 11154320462690264073

1271 Pooter the Caller (level 8, -2/58 HPs)
             Began as a Gnoll Summoner on Aug 10, 2022.
             Slain by an iguana (12 damage)
             ... on level 5 of the Dungeon.
             The game lasted 00:48:26 (5125 turns).

Pooter the Caller (Gnoll Summoner)                  Turns: 5125, Time: 00:48:27

Health: -2/58      AC:  4    Str:  7    XL:     8   Next: 53%
Magic:  15/17      EV: 14    Int: 16    God:
Gold:   183        SH:  0    Dex: 14    Spells: 6/19 levels left

rFire   . . .      SeeInvis .   a - +0 halberd
rCold   + . .      Faith    .   (shield currently unavailable)
rNeg    . . .      Spirit   .   d - +0 robe
rPois   .          Reflect  .   (no helmet)
rElec   .          Harm     .   (no cloak)
rCorr   .          Rampage  .   (no gloves)
Will    .....                   j - +1 pair of boots
Stlth   +++.......              (no amulet)
HPRegen 0.19/turn               I - ring of protection from cold
MPRegen 0.15/turn               (no ring)

@: no status effects
A: fangs 1, strong nose, distributed training
a: no special abilities


You were on level 5 of the Dungeon.
You visited 1 branch of the dungeon, and saw 5 of its levels.

You collected 246 gold pieces.
You spent 63 gold pieces at shops.

Inventory:

Hand Weapons
 a - a +0 halberd (weapon)
   (You took it off Blork the orc on level 5 of the Dungeon)
 b - a +0 sling
   (You found it on level 4 of the Dungeon)
 i - a +0 mace
   (You took it off an orc on level 2 of the Dungeon)
 v - a +0 trident
   (You found it on level 4 of the Dungeon)
Missiles
 c - 7 poisoned darts
 Q - 75 stones (quivered)
Armour
 d - a +0 robe (worn)
 j - a +1 pair of boots (worn)
   (You bought it in a shop on level 1 of the Dungeon)
 n - a +0 buckler
   (You took it off a hobgoblin on level 3 of the Dungeon)
Jewellery
 I - a ring of protection from cold (left hand)
   (You found it on level 1 of the Dungeon)
Wands
 o - a wand of polymorph (6)
   (You found it on level 3 of the Dungeon)
Scrolls
 f - a scroll of torment {!r}
 g - 6 scrolls of enchant weapon
 h - 2 scrolls of noise {!r}
 t - 2 scrolls of teleportation {@r4}
Potions
 e - a potion of invisibility {unknown}
 k - 3 potions of attraction {!q}
 l - a potion of ambrosia {unknown}
 m - a potion of heal wounds {unknown}
 q - a potion of magic
 s - a potion of flight {unknown}
 w - a potion of degeneration {unknown}


   Skills:
 + Level 3.5 Fighting
 + Level 3.5 Short Blades
 + Level 3.5 Long Blades
 + Level 3.5 Axes
 + Level 3.5 Maces & Flails
 + Level 3.5 Polearms
 + Level 3.5 Staves
 + Level 3.5 Ranged Weapons
 + Level 3.5 Throwing
 + Level 3.5 Armour
 + Level 5.8 Dodging
 + Level 5.5 Stealth
 + Level 3.5 Shields
 + Level 3.5 Unarmed Combat
 + Level 6.1 Spellcasting
 + Level 2.8 Conjurations
 + Level 2.8 Hexes
 + Level 7.7 Summonings
 + Level 2.8 Necromancy
 + Level 2.8 Translocations
 + Level 2.8 Transmutations
 + Level 2.8 Fire Magic
 + Level 2.8 Ice Magic
 + Level 2.8 Air Magic
 + Level 2.8 Earth Magic
 + Level 2.8 Poison Magic
 + Level 3.8 Invocations
 + Level 3.5 Evocations


You had 6 spell levels left.
You knew the following spells:

 Your Spells              Type           Power      Damage    Failure   Level
a - Summon Small Mammal   Summ           100%       N/A       1%          1
b - Call Imp              Summ           29%        N/A       1%          2
c - Call Canine Familiar  Summ           29%        N/A       1%          3
d - Summon Guardian Gole  Hex/Summ       21%        N/A       4%          3
z - Summon Lightning Spi  Summ/Air       21%        N/A       16%         4

Your spell library contained the following spells:

 Spells                   Type           Power      Damage    Failure   Level


Dungeon Overview and Level Annotations

Branches:
Dungeon (5/15)
 Temple: D:4-7

Altars:
Hepliaklqana

Shops:
D:1 [


Innate Abilities, Weirdness & Mutations

You have very sharp teeth.
Your uncanny sense of smell can sniff out nearby items.
Your experience applies equally to all skills.


Message History

Your hound barely misses the iguana.
Your crimson imp hits the iguana but does no damage.
Your hound bites the iguana but does no damage.
The iguana barely misses your crimson imp.
Your crimson imp closely misses the iguana.
Reach: a) +0 halberd
Aim: an iguana (moderately wounded, ally target, about 44% to evade your +0 halberd)
You could not reach far enough!
Your hound bites the iguana but does no damage.
The iguana bites your hound!
Your hound dies!
Your hound's corpse disappears in a puff of smoke!
Your crimson imp blinks!
Reach: a) +0 halberd
Aim: an iguana (moderately wounded, about 44% to evade your +0 halberd)
You reach to attack!
You puncture the iguana!
You kill the iguana!
You hit the iguana but do no damage. The iguana bites you!
You hit the iguana but do no damage. The iguana bites you!
You hit the iguana. The iguana closely misses you. The iguana bites you.
Your crimson imp hits the iguana.
You hit the iguana but do no damage. The iguana bites you!
* * * LOW HITPOINT WARNING * * *
Your crimson imp closely misses the iguana.
You closely miss the iguana. The iguana bites you.
* * * LOW HITPOINT WARNING * * *
Your crimson imp barely misses the iguana.
The iguana bites you!
* * * LOW HITPOINT WARNING * * *
You hit the iguana but do no damage.
Your crimson imp blinks!
The iguana closely misses you.
Unknown command.
Okay, then.
As you read the scroll labelled USHRAEBU QUYMM, it crumbles to dust.
It is a scroll of amnesia.
Really abort (and waste the scroll)? [Y]es or [N]o only, please.
Really abort (and waste the scroll)?
Okay, then.
The iguana barely misses you.
As you read the scroll labelled WEPIXTA XOEL, it crumbles to dust.
It is a scroll of enchant armour.
Your +0 pair of boots glows green for a moment.
The adder closely misses you. The iguana closely misses you.
Your crimson imp hits the adder.
As you read the scroll labelled ZESTRY UJIPTO, it crumbles to dust.
The creatures around you are filled with an inner flame!
It was a scroll of immolation.
The adder misses you. The iguana bites you!
You die...

#...# #...
#....<..l........
#...#######
...##.......h.....###
+..........
l.........S.........
#...#######
.#...#..........###
.........#
#....#).........##.
#...####.##
##.#.#.#.#..........
.......#..# #...##
##...........
.......##.####†### ∆
###.....####
.......##..#...l@##
##.....#####
.......###.#...S#.#
#.#..###...# .......#
#h#...5..# #....#
#.#.# .[.....#
#..####..# #.#..#
#.#.# .......# ##.#
#..# #..#.# #.#.#
.......# #.# ..##
##...# #.#.##
####.#### #.#
#.###.###..###...>.
#......# #.. #.
......)...[##.##
#......# ##. ..
.......###.##.##


You could see an iguana (inner flame, ally target), an adder (inner flame) and a
friendly crimson imp (summoned, inner flame).

Vanquished Creatures
  A centaur (D:5)
  2 elf zombies (D:4)
  An elf skeleton (D:4)
  A jelly (D:5)
  A human skeleton (D:4)
  An iguana (D:5)
  3 orcs (D:4)
  2 hobgoblins
  2 kobolds
  A quokka (D:5)
  3 ball pythons
  A bat (D:3)
  A goblin (D:1)
  An orc skeleton (D:4)
  An orc zombie (D:4)
22 creatures vanquished.

Vanquished Creatures (collateral kills)
  Grinder (D:3)
  A water moccasin (D:5)
  Blork the orc (D:5)
  2 elf skeletons (D:4)
  A jelly (D:4)
  An orc priest (D:4)
  A human zombie (D:4)
  3 hounds
  Natasha (thrice) (D:3)
  An iguana (D:4)
  2 orc wizards
  2 gnolls
  3 adders
  3 worms
  2 dart slugs
  3 orcs
  3 bats
  5 endoplasms
  3 goblins (D:1)
  9 hobgoblins
  5 quokkas
  A ball python (D:1)
  3 frilled lizards
  6 kobolds
  An orc skeleton (D:4)
  An orc zombie (D:4)
67 creatures vanquished.

Vanquished Creatures (others)
  2 orcs (D:4)
  3 plants (D:1)
5 creatures vanquished.

Grand Total: 94 creatures vanquished

Notes
Turn   | Place    | Note
-------+----------+-------------------------------------------
     0 | D:1      | Pooter the Gnoll Summoner began the quest for the Orb.
     0 | D:1      | Reached XP level 1. HP: 13/13 MP: 6/6
   195 | D:1      | Found Ygeufug's Armour Boutique.
   306 | D:1      | Reached XP level 2. HP: 19/19 MP: 5/7
   591 | D:1      | Learned a level 2 spell: Call Imp
   783 | D:1      | Reached skill level 5 in Spellcasting
   783 | D:1      | Reached XP level 3. HP: 25/25 MP: 5/9
   815 | D:1      | Found a faded altar of an unknown god.
   884 | D:1      | Reached skill level 1 in Invocations
   960 | D:1      | Bought a +0 pair of boots for 63 gold pieces
  1233 | D:1      | Learned a level 3 spell: Call Canine Familiar
  1237 | D:1      | Learned a level 3 spell: Summon Guardian Golem
  1260 | D:2      | Reached skill level 1 in Fighting
  1260 | D:2      | Reached skill level 1 in Short Blades
  1260 | D:2      | Reached skill level 1 in Long Blades
  1260 | D:2      | Reached skill level 1 in Axes
  1260 | D:2      | Reached skill level 1 in Maces & Flails
  1260 | D:2      | Reached skill level 1 in Polearms
  1260 | D:2      | Reached skill level 1 in Staves
  1260 | D:2      | Reached skill level 1 in Ranged Weapons
  1260 | D:2      | Reached skill level 1 in Throwing
  1260 | D:2      | Reached skill level 1 in Armour
  1260 | D:2      | Reached skill level 1 in Shields
  1260 | D:2      | Reached skill level 1 in Unarmed Combat
  1260 | D:2      | Reached skill level 1 in Evocations
  1532 | D:2      | Reached XP level 4. HP: 32/32 MP: 7/11
  2018 | D:2      | Reached skill level 1 in Conjurations
  2018 | D:2      | Reached skill level 1 in Hexes
  2018 | D:2      | Reached skill level 1 in Necromancy
  2018 | D:2      | Reached skill level 1 in Translocations
  2018 | D:2      | Reached skill level 1 in Transmutations
  2018 | D:2      | Reached skill level 1 in Fire Magic
  2018 | D:2      | Reached skill level 1 in Ice Magic
  2018 | D:2      | Reached skill level 1 in Air Magic
  2018 | D:2      | Reached skill level 1 in Earth Magic
  2018 | D:2      | Reached skill level 1 in Poison Magic
  2023 | D:2      | Learned a level 4 spell: Summon Lightning Spire
  2293 | D:3      | Noticed Natasha
  2300 | D:3      | Killed Natasha
  2301 | D:3      | Reached XP level 5. HP: 37/37 MP: 4/12
  2365 | D:3      | Noticed Natasha
  2381 | D:3      | Killed Natasha
  2535 | D:3      | Noticed Natasha
  2543 | D:3      | Killed Natasha
  2585 | D:3      | Found a hazy altar of Hepliaklqana.
  2586 | D:3      | Noticed Grinder
  2609 | D:3      | Killed Grinder
  2610 | D:3      | Reached skill level 5 in Dodging
  2610 | D:3      | Reached XP level 6. HP: 44/44 MP: 11/14
  3099 | D:4      | Reached XP level 7. HP: 50/50 MP: 9/15
  3427 | D:4      | Found a sand-covered staircase.
  3575 | D:4      | Reached skill level 5 in Stealth
  4497 | D:4      | Reached XP level 8. HP: 57/58 MP: 12/16
  4610 | D:5      | Entered Level 5 of the Dungeon
  4944 | D:5      | Noticed Blork the orc
  4947 | D:5      | Killed Blork the orc
  5125 | D:5      | Slain by an iguana

Illustrated notes

Levels and vault maps discovered:
D:1:      dpeg_arrival_leaves_temple_mockup, layout_loops_ring,
          shapermc_ecumenical_altar_pompeii, serial_shops,
          nicolae_shop_temple_entry_statues_fountains, nicolae_grassy_gnolls
D:2:      layout_loops_ring, minmay_fountain_box, reono_crystal_passage
D:3:      layout_rooms, nicolae_hepliaklqana_hazy_memory, uniq_natasha,
          uniq_grinder
D:4:      layout_rooms, nicolae_ossuary_entry_catacombs, palyth_stone_intersect
D:5:      layout_basic, old_standard_altar, minmay_manual_monstrance,
          uniq_blork_the_orc

Skill      XL: |  1  2  3  4  5  6  7  8 |
---------------+-------------------------+-----
Spellcasting   | 5 6 |  6.1
Invocations    | 1 2 3 |  3.8
Fighting       | 1 2 3 |  3.5
Short Blades   | 1 2 3 |  3.5
Long Blades    | 1 2 3 |  3.5
Axes           | 1 2 3 |  3.5
Maces & Flails | 1 2 3 |  3.5
Polearms       | 1 2 3 |  3.5
Staves         | 1 2 3 |  3.5
Ranged Weapons | 1 2 3 |  3.5
Throwing       | 1 2 3 |  3.5
Armour         | 1 2 3 |  3.5
Shields        | 1 2 3 |  3.5
Unarmed Combat | 1 2 3 |  3.5
Evocations     | 1 2 3 |  3.5
Conjurations   | 1 2 |  2.8
Hexes          | 1 2 |  2.8
Necromancy     | 1 2 |  2.8
Translocations | 1 2 |  2.8
Transmutations | 1 2 |  2.8
Fire Magic     | 1 2 |  2.8
Ice Magic      | 1 2 |  2.8
Air Magic      | 1 2 |  2.8
Earth Magic    | 1 2 |  2.8
Poison Magic   | 1 2 |  2.8
Dodging        | 5 |  5.8
Stealth        | 5 |  5.5
Summonings     | |  7.7

Action                   |  1- 3 |  4- 6 |  7- 9 || total
-------------------------+-------+-------+-------++-------
Melee: Unarmed           |     4 |       |       ||     4
       Club              |     1 |       |       ||     1
       Dagger            |    23 |       |       ||    23
       Whip              |     1 |       |       ||     1
       Mace              |       |    24 |       ||    24
       Bite              |       |     3 |     7 ||    10
       Trident           |       |       |   115 ||   115
       Punch             |       |       |     2 ||     2
       Halberd           |       |       |     9 ||     9
 Fire: Sling             |       |       |     9 ||     9
Throw: Dart              |     1 |       |       ||     1
       Stone             |       |     5 |       ||     5
 Cast: Summon Small Mamm |    20 |       |       ||    20
       Call Imp          |     6 |     7 |     4 ||    17
       Call Canine Famil |     3 |    12 |    11 ||    26
       Summon Guardian G |       |     1 |     3 ||     4
       Summon Lightning  |       |       |     2 ||     2
  Use: Scroll            |     2 |     3 |     5 ||    10
 Stab: Distracted        |     1 |     1 |     2 ||     4
       Sleeping          |       |     1 |     1 ||     2
Armor: Robe              |     6 |     2 |    13 ||    21
Dodge: Dodged            |    21 |    15 |    78 ||   114

Table legend: (Time is in decaauts)
 A = Elapsed time spent in this place.
 B = Non-inter-level travel time spent in this place.
 C = Inter-level travel time spent in this place.
 D = Time resting spent in this place.
 E = Time spent auto-exploring this place.
 F = Levels seen in this place.
 G = Mean time per level.
                   A        B        C        D        E       F      G
               +--------+--------+--------+--------+--------+-----+--------+
         Total |   5149 |   5000 |    149 |   1211 |   2449 |   5 | 1029.8 |
       Dungeon |   5149 |   5000 |    149 |   1211 |   2449 |   5 | 1029.8 |
               +--------+--------+--------+--------+--------+-----+--------+

Top non-repeatable levels by time:
     D:4: 1724 daAuts
     D:1: 1234 daAuts
     D:2: 1035 daAuts
     D:3: 636 daAuts
     D:5: 518 daAuts
